 Dungeon Crawl Stone Soup version 0.30-a0-924-g0ad0bf95bc (webtiles) character file.

Game seed: 2927952852269121788

40289 cheesebisquit the Brawler (level 13, -2/133 HPs)
             Began as a Troll Fighter on Mar 21, 2023.
             Slain by a torpor snail (5 damage)
             ... on level 5 of the Lair of Beasts on Mar 22, 2023.
             The game lasted 01:06:05 (15723 turns).

cheesebisquit the Brawler (Troll Fighter)          Turns: 15723, Time: 01:06:06

Health: -2/133     AC:  8    Str: 37    XL:     13   Next: 73%
Magic:  12/12      EV: 12    Int:  4    God:
Gold:   1375       SH: 17    Dex:  9    Spells: 12/12 levels left

rFire   . . .      SeeInvis .      - Unarmed
rCold   . . .      Faith    .    R - +0 tower shield
rNeg    . . .      Spirit   .    D - +0 troll leather armour
rPois   .          Reflect  +    h - +2 hat
rElec   .          Rampage  .    (no cloak)
rCorr   .                        (gloves unavailable)
Will    .....                    (boots unavailable)
Stlth   +                        f - amulet of reflection
HPRegen 2.02/turn                E - +6 ring of strength
MPRegen 0.13/turn                I - +5 ring of evasion

@: about to teleport, slowed, very slow
A: large, unfitting armour, claws 3, regeneration 1, shaggy fur 1, tough skin 1
a: no special abilities


You were on level 5 of the Lair of Beasts.
You visited 3 branches of the dungeon, and saw 18 of its levels.
You also visited: Ossuary.

You collected 1375 gold pieces.

Inventory:

Hand Weapons
 t - a +3 giant spiked club of draining
Missiles
 e - 7 javelins
 q - 4 poisoned darts (quivered)
 r - 103 stones
 y - 6 boomerangs
 B - 4 silver boomerangs
 K - 3 curare-tipped darts
 O - 4 large rocks
 S - 6 boomerangs of dispersal
Armour
 h - a +2 hat (worn)
 D - a +0 troll leather armour (worn)
 N - +0 acid dragon scales
 Q - a +1 robe of cold resistance
 R - a +0 tower shield (worn)
Jewellery
 f - an amulet of reflection (around neck)
 j - a +5 ring of evasion
 u - a ring of poison resistance
 E - a +6 ring of strength (left claw)
 I - a +5 ring of evasion (right claw)
 M - a ring of protection from cold
 T - a +4 ring of slaying
Wands
 c - a wand of digging (4)
 n - a wand of polymorph (13)
 C - a wand of acid (12)
 F - a wand of roots (25)
 G - a wand of paralysis (6)
 L - a wand of mindburst (21)
Scrolls
 a - 3 scrolls of identify
 b - a scroll of silence
 d - 3 scrolls of immolation
 g - a scroll of amnesia
 i - 6 scrolls of fog
 l - 4 scrolls of teleportation
 o - a scroll of magic mapping
 H - 7 scrolls of poison
 P - a scroll of enchant armour
Potions
 k - 6 potions of mutation
 p - 8 potions of curing
 s - 4 potions of attraction
 v - 2 potions of brilliance
 w - 4 potions of magic
 x - 4 potions of lignification
 z - 3 potions of flight
 A - 3 potions of resistance
 J - 2 potions of degeneration {unknown}


   Skills:
 + Level 10.1 Fighting
 + Level 10.1 Throwing
 + Level 3.8 Armour
 + Level 4.7 Dodging
 + Level 5.1 Shields
 * Level 16.2 Unarmed Combat


You had 12 spell levels left.
You didn't know any spells.
Your spell library contained the following spells:

 Spells                   Type           Power      Damage    Failure   Level
 Freeze                   Ice            0%         1d3       98%         1
 Magic Dart               Conj           0%         1d3       98%         1
 Slow                     Hex            0%         N/A       98%         1
 Call Imp                 Summ           0%         N/A       99%         2
 Cigotuvi's Dreadful Rot  Necr/Pois/Air  0%         N/A       99%         2
 Ensorcelled Hibernation  Hex/Ice        0%         N/A       99%         2
 Searing Ray              Conj           0%         2d4       99%         2
 Confusing Touch          Hex            0%         N/A       100%        3
 Dazzling Flash           Conj/Hex       0%         N/A       100%        3
 Frozen Ramparts          Ice            0%         1d1       100%        3
 Gell's Gravitas          Tloc           0%         N/A       100%        3
 Hailstorm                Conj/Ice       0%         3d3       100%        3
 Mephitic Cloud           Conj/Pois/Air  0%         N/A       100%        3
 Spider Form              Tmut/Pois      0%         N/A       100%        3
 Stone Arrow              Conj/Erth      0%         3d7       100%        3
 Teleport Other           Tloc           0%         N/A       100%        3
 Tukima's Dance           Hex            0%         N/A       100%        3
 Vampiric Draining        Necr           0%         2d6       100%        3
 Anguish                  Hex/Necr       0%         N/A       100%        4
 Animate Armour           Summ/Erth      0%         N/A       100%        4
 Dispel Undead            Necr           0%         3d6       100%        4
 Fulminant Prism          Conj/Hex       0%         3d5       100%        4
 Ice Form                 Ice/Tmut       0%         N/A       100%        4
 Iskenderun's Mystic Bla  Conj/Tloc      0%         2d3       100%        4
 Passage of Golubria      Tloc           0%         N/A       100%        4
 Summon Ice Beast         Ice/Summ       0%         N/A       100%        4
 Yara's Violent Unravell  Hex/Tmut       0%         3d3       100%        5
 Death Channel            Necr           0%         N/A       100%        6
 Dispersal                Tloc           0%         N/A       100%        6
 Starburst                Conj/Fire      0%         6d3       100%        6
 Lehudib's Crystal Spear  Conj/Erth      0%         10d2      100%        8


Dungeon Overview and Level Annotations

Branches:
Dungeon (12/15)            Temple (1/1) D:6            Lair (5/5) D:10
 Shoals (0/4) Lair:3       Spider (0/4) Lair:2          Orc (0/2) D:10
Ossuary (visited)
  Slime: Lair:4-5

Altars:
Ashenzari
Cheibriados
Dithmenos
Elyvilon
Fedhas
Gozag
Hepliaklqana
Kikubaaqudgha
Makhleb
Nemelex Xobeh
Okawaru
Qazlal
Ru
Sif Muna
Trog
Uskayaw
Vehumet
Wu Jian
Xom
Yredelemnul
Zin
The Shining One

Annotations:
D:9 1 runed translucent door, kaliiiiii's ghost, novice MiBe


Innate Abilities, Weirdness & Mutations

You are too large for most types of armour.
You have claws for hands.
Your natural rate of healing is unusually fast.
You are covered in fur. (AC +1)
You have tough skin. (AC +1)


Message History

As you read the scroll of teleportation, it crumbles to dust.
You feel strangely unstable. The torpor snail bites you!
* * * LOW HITPOINT WARNING * * *
Something hits you but does no damage.
The eight-headed hydra barely misses you. x2
You block the eight-headed hydra's attack. x2
The eight-headed hydra bites you.
* * * LOW HITPOINT WARNING * * *
You block the eight-headed hydra's attack.
The eight-headed hydra barely misses you.
The eight-headed hydra bites you.
* * * LOW HITPOINT WARNING * * *
Okay, then.
You feel much better. You block the torpor snail's attack.
The eight-headed hydra bites you!
You block the eight-headed hydra's attack.
The eight-headed hydra bites you!
* * * LOW HITPOINT WARNING * * *
The eight-headed hydra bites you but does no damage.
The eight-headed hydra bites you!
* * * LOW HITPOINT WARNING * * *
You block the eight-headed hydra's attack.
The eight-headed hydra closely misses you.
You block the eight-headed hydra's attack.
Something hits you.
* * * LOW HITPOINT WARNING * * *
Something hits you but does no damage. The eight-headed hydra bites you.
* * * LOW HITPOINT WARNING * * *
The eight-headed hydra closely misses you.
The eight-headed hydra bites you but does no damage.
The eight-headed hydra bites you.
* * * LOW HITPOINT WARNING * * *
The eight-headed hydra bites you!
* * * LOW HITPOINT WARNING * * *
You block the eight-headed hydra's attack.
The eight-headed hydra bites you.
* * * LOW HITPOINT WARNING * * *
The eight-headed hydra bites you but does no damage.
The torpor snail bites you.
You die...

#..............P# #t.
#P.....P....#..## #..
####.P.............# #..
#######.##..............## #.. #
#.P......#..............## #..
#.#........................# ##.
...........................#####.
................................
##.#...........@................
#........#P...Dw................
##..###.####†................P#[
# ####..#.....((((...†......
#.....(...........l...P.
#........................
.......................♣♣♣
...........(.........♣♣♣ ♣
..............[....♣♣♣


You could see an eight-headed hydra and a torpor snail (very poisoned).

Vanquished Creatures
  A minotaur (Lair:2)
  Josephine (D:12)
  Fannar (Lair:1)
  A death yak (Lair:4)
  4 two-headed ogres
  Nergalle (D:10)
  A fire crab (Lair:4)
  A lindwurm (Lair:5)
  2 ugly things (D:11)
  A manticore (D:12)
  4 black mambas
  A cyclops (D:11)
  9 elephants (Lair:4)
  Joseph (D:7)
  A torpor snail (Lair:4)
  13 cane toads
  3 rime drakes
  An unseen horror (D:12)
  5 komodo dragons
  3 trolls
  3 polar bears
  2 hornets
  12 blink frogs
  13 dream sheep
  5 slime creatures
  A culicivora (Lair:2)
  A spriggan (D:10)
  2 shadows
  4 wyverns
  Sigmund (D:2)
  6 wraiths
  33 yaks
  A redback (Lair:2)
  7 vampire mosquitoes
  2 basilisks
  Menkaure (D:5)
  2 acid dragons
  16 water moccasins
  3 orc warriors
  3 black bears
  An ogre (D:3)
  4 wolves (Lair:4)
  6 centaurs
  2 kobold brigands
  3 bullfrogs
  3 scorpions
  6 necrophages (Lair:3)
  16 killer bees
  4 orc priests
  3 hounds
  A gnoll bouda (D:5)
  2 jellies
  Terence (D:3)
  Jessica (D:2)
  4 iguanas
  4 hell rats (Lair:2)
  9 orc wizards
  13 mummies (Ossuary)
  Robin (D:3)
  8 gnolls
  14 adders
  A shadow imp (D:7)
  A white imp (D:5)
  An ufetubus (D:5)
  3 worms
  A dart slug (D:3)
  31 orcs
  6 ball pythons
  3 endoplasms
  4 giant cockroaches
  12 goblins
  14 hobgoblins
  16 kobolds
  4 quokkas
  4 bats
  2 frilled lizards (D:3)
  3 gnoll skeletons (Ossuary)
  2 goblin skeletons (Ossuary)
  2 kobold skeletons (Ossuary)
  An orc skeleton (Ossuary)
  4 rats
  11 rat skeletons (Ossuary)
405 creatures vanquished.

Vanquished Creatures (others)
  34 fungi
  82 plants
116 creatures vanquished.

Grand Total: 521 creatures vanquished

Notes
Turn   | Place    | Note
-------+----------+-------------------------------------------
     0 | D:1      | cheesebisquit the Troll Fighter began the quest for the
                  | Orb.
     0 | D:1      | Reached XP level 1. HP: 22/22 MP: 0/0
    91 | D:1      | Upgraded the game from 0.30-a0-920-g7493c07aab to
                  | 0.30-a0-924-g0ad0bf95bc
   341 | D:1      | Reached XP level 2. HP: 29/29 MP: 1/1
   545 | D:2      | Noticed Sigmund
   551 | D:2      | Killed Sigmund
   552 | D:2      | Reached skill level 4 in Unarmed Combat
   552 | D:2      | Reached XP level 3. HP: 29/37 MP: 2/2
   552 | D:2      | Reached XP level 4. HP: 36/45 MP: 3/3
   552 | D:2      | Reached XP level 5. HP: 42/53 MP: 4/4
   654 | D:2      | Noticed Jessica
   663 | D:2      | Killed Jessica
   961 | D:3      | Reached skill level 5 in Unarmed Combat
   969 | D:3      | Noticed Robin
  1019 | D:3      | Killed Robin
  1095 | D:3      | Found a shimmering altar of Xom.
  1095 | D:3      | Found a shimmering altar of Xom.
  1095 | D:3      | Found a shimmering altar of Xom.
  1265 | D:3      | Reached XP level 6. HP: 62/62 MP: 5/5
  1748 | D:3      | Noticed Terence
  1753 | D:3      | Killed Terence
  2094 | D:3      | Reached skill level 1 in Throwing
  2180 | D:4      | Reached skill level 6 in Unarmed Combat
  2294 | D:4      | Reached XP level 7. HP: 70/70 MP: 6/6
  2958 | D:5      | Entered Level 5 of the Dungeon
  2958 | D:5      | Found a shadowy altar of Dithmenos.
  3027 | D:5      | Found a sand-covered staircase.
  3056 | Ossuary  | Entered an ossuary
  3556 | D:5      | Reached skill level 7 in Unarmed Combat
  3625 | D:5      | Found a glowing golden altar of the Shining One.
  3912 | D:5      | Noticed Menkaure
  3928 | D:5      | Killed Menkaure
  3929 | D:5      | Reached XP level 8. HP: 30/79 MP: 7/7
  4110 | D:6      | Found a burning altar of Makhleb.
  4227 | D:6      | Found a staircase to the Ecumenical Temple.
  4263 | Temple   | Entered the Ecumenical Temple
  4681 | D:6      | Reached skill level 5 in Fighting
  4781 | D:6      | Reached skill level 8 in Unarmed Combat
  5403 | D:7      | Found a blossoming altar of Fedhas.
  5612 | D:7      | Noticed Joseph
  5626 | D:7      | Killed Joseph
  5627 | D:7      | Reached skill level 9 in Unarmed Combat
  5627 | D:7      | Reached XP level 9. HP: 67/89 MP: 8/8
  5977 | D:7      | Paralysed by a hornet for 3 turns
  5985 | D:7      | Reached skill level 5 in Throwing
  6266 | D:7      | Reached skill level 10 in Unarmed Combat
  6510 | D:8      | Found a broken altar of Ashenzari.
  6578 | D:8      | Found a bloodstained altar of Trog.
  6583 | D:8      | Found a snail-covered altar of Cheibriados.
  7357 | D:9      | Noticed a troll
  7364 | D:9      | Killed a troll
  7376 | D:9      | Noticed kaliiiiii's ghost (novice MiBe)
  7403 | D:9      | Found a runed translucent door.
  7614 | D:9      | Reached XP level 10. HP: 97/100 MP: 9/9
  7659 | D:9      | Found a hazy altar of Hepliaklqana.
  7893 | D:10     | Entered Level 10 of the Dungeon
  8079 | D:10     | Noticed a two-headed ogre
  8103 | D:9      | Killed a two-headed ogre
  8104 | D:9      | Reached skill level 11 in Unarmed Combat
  8336 | D:10     | Found a staircase to the Lair.
  8409 | D:10     | Found a staircase to the Orcish Mines.
  8427 | D:10     | Noticed Nergalle
  8445 | D:10     | Killed Nergalle
  8530 | D:10     | Reached skill level 12 in Unarmed Combat
  8986 | D:11     | Noticed a purple ugly thing
  8994 | D:11     | Killed a purple ugly thing
  9285 | D:11     | Reached XP level 11. HP: 110/110 MP: 10/10
  9572 | D:11     | Noticed a purple ugly thing
  9582 | D:11     | Killed a purple ugly thing
  9756 | D:12     | Noticed Josephine
  9803 | D:12     | Reached skill level 13 in Unarmed Combat
  9808 | D:12     | Noticed a two-headed ogre
  9827 | D:12     | Noticed a two-headed ogre
  9829 | D:11     | Killed a two-headed ogre
 10039 | D:12     | Killed Josephine
 10208 | D:12     | Killed a two-headed ogre
 10209 | D:12     | Reached skill level 14 in Unarmed Combat
 10429 | D:12     | Noticed a two-headed ogre
 10452 | D:12     | Killed a two-headed ogre
 10453 | D:12     | Reached XP level 12. HP: 122/122 MP: 11/11
 10615 | Lair:1   | Entered Level 1 of the Lair of Beasts
 10961 | Lair:1   | Noticed Fannar
 10968 | Lair:1   | Killed Fannar
 11560 | Lair:2   | Reached skill level 15 in Unarmed Combat
 11658 | Lair:2   | Found a runed translucent door.
 11676 | Lair:2   | Reached skill level 1 in Armour
 11684 | Lair:2   | Found a hole to the Spider Nest.
 12364 | Lair:2   | Noticed a minotaur
 12370 | Lair:2   | Killed a minotaur
 12727 | Lair:3   | Found a staircase to the Shoals.
 13051 | Lair:3   | Paralysed by a hornet for 2 turns
 13087 | Lair:3   | Reached XP level 13. HP: 129/132 MP: 12/12
 14577 | Lair:5   | Entered Level 5 of the Lair of Beasts
 14718 | Lair:5   | Reached skill level 10 in Fighting
 14750 | Lair:5   | Reached skill level 10 in Throwing
 14760 | Lair:5   | Noticed a dire elephant
 14793 | Lair:4   | Reached skill level 16 in Unarmed Combat
 14872 | Lair:4   | Reached skill level 5 in Shields
 15723 | Lair:5   | HP: 5/133 [eight-headed hydra (9)]
 15723 | Lair:5   | Slain by a torpor snail

Illustrated notes

Levels and vault maps discovered:
D:1:      matt_arrival_grand_opening, layout_rooms
D:2:      layout_basic, nicolae_titane, uniq_sigmund, uniq_jessica
D:3:      layout_loops_ring, xom_redecorated, serial_forest,
          infiniplex_forest_straight_1, infiniplex_forest_straight_1,
          infiniplex_forest_straight_1, infiniplex_forest_clump_small,
          infiniplex_forest_zigzag_1, infiniplex_forest_clump_medium,
          infiniplex_forest_straight_2, infiniplex_forest_corner_2,
          infiniplex_forest_straight_5, infiniplex_forest_corner_1,
          minmay_circle_x, uniq_terence, uniq_robin
D:4:      layout_loops_cross, kennysheep_pointless_box, minivault_5,
          kennysheep_diamond
D:5:      layout_basic, grunt_dithmenos_smoke, lemuel_coloured_pillars_altar,
          enter_ossuary_3, uniq_menkaure
D:6:      layout_basic, mainiacjoe_overflow_surrounded_room,
          minmay_temple_entry_sparse_star
D:7:      layout_cave_pools, fedhas_altar_3, serial_park, serial_park_square3
          [serial_park_minivault_5x5_2], serial_park_square1
          [serial_park_minivault_5x5_7], kennysheep_small_spiral,
          kennysheep_generic_room_14, uniq_joseph
D:8:      layout_basic, lemuel_doored_altar, mainiacjoe_overflow_big_doors
D:9:      layout_long_grid, old_standard_altar, hellmonk_ghost_big_iron
D:10:     layout_roguey, david_lair_generic, minmay_orc_entry_temple_small,
          the_hattery, uniq_nergalle
D:11:     layout_basic
D:12:     layout_cave_pools, uniq_josephine
Temple:   nicolae_temple_figure_eight
Lair:1:   layout_roguey, uniq_fannar
Lair:2:   dreamdust_labyrinth, layout_chaotic_city,
          spider_nest_entry_funnel_web, serial_bayou_shore_b
Lair:3:   minmay_lair_venomous_thicket, layout_loops_ring,
          minmay_shoals_entry_centaurs, minivault_23, roderic_carrion_pond
Lair:4:   layout_roguey, chequers_serial_rivers_micro_b, beast_lair_carwin_6
Lair:5:   evil_forest, layout_gridlike, dpeg_slime_entry_enclosed

Skill      XL: |  1  2  3  4  5  6  7  8  9 10 11 12 13 |
---------------+----------------------------------------+-----
Fighting       | 3 4 5 6 7 8 9 10 | 10.1
Unarmed Combat | 4 5 6 7 9 10 12 14 15 16 | 16.2
Throwing       | 1 3 4 5 7 8 9 10 | 10.1
Shields        | 3 5 |  5.1
Armour         | 2 3 |  3.8
Dodging        | 3 4 |  4.7

Action                     |  1- 3 |  4- 6 |  7- 9 | 10-12 | 13-15 || total
---------------------------+-------+-------+-------+-------+-------++-------
  Melee: Unarmed           |    34 |   161 |   362 |   504 |   205 ||  1266
  Throw: Dart              |       |     9 |     7 |    68 |   117 ||   201
         Stone             |       |       |     7 |       |       ||     7
         Boomerang         |       |       |       |    22 |       ||    22
  Evoke: Wand              |       |       |     5 |     6 |       ||    11
    Use: Potion            |     1 |       |    14 |     8 |     7 ||    30
         Scroll            |       |       |    22 |     6 |     2 ||    30
   Stab: Invisible         |       |       |     1 |       |       ||     1
 Armour: Robe              |     9 |    34 |    51 |     4 |       ||    98
         Troll leather arm |       |       |       |   135 |    71 ||   206
  Dodge: Dodged            |     7 |    51 |   137 |   217 |   142 ||   554
  Block: Kite shield       |    15 |    52 |   106 |   166 |       ||   339
         Reflection        |       |       |       |     2 |       ||     2
         Tower shield      |       |       |       |   157 |   262 ||   419

Table legend: (Time is in decaauts)
 A = Elapsed time spent in this place.
 B = Non-inter-level travel time spent in this place.
 C = Inter-level travel time spent in this place.
 D = Time resting spent in this place.
 E = Time spent auto-exploring this place.
 F = Levels seen in this place.
 G = Mean time per level.
                   A        B        C        D        E       F      G
               +--------+--------+--------+--------+--------+-----+--------+
         Total |  15666 |  14044 |   1622 |    397 |  10502 |  19 |  824.5 |
       Dungeon |   9908 |   8749 |   1159 |    291 |   6575 |  12 |  825.7 |
        Temple |    213 |    203 |     10 |      0 |    201 |   1 |  213.0 |
          Lair |   5094 |   4641 |    453 |    106 |   3449 |   5 | 1018.8 |
       Ossuary |    448 |    448 |      0 |      0 |    276 |   1 |  448.0 |
               +--------+--------+--------+--------+--------+-----+--------+

Top non-repeatable levels by time:
  Lair:4: 1662 daAuts
  Lair:2: 1292 daAuts
     D:3: 1179 daAuts
     D:6: 1114 daAuts
    D:11: 1011 daAuts
  Lair:3: 1010 daAuts
     D:7: 974 daAuts
     D:9: 904 daAuts
     D:8: 890 daAuts
  Lair:1: 873 daAuts
     D:4: 856 daAuts
    D:10: 737 daAuts
    D:12: 666 daAuts
     D:5: 616 daAuts
     D:2: 508 daAuts
